 Dungeon Crawl Stone Soup version 0.31-a0-640-g39d97e502b (webtiles) character file.

Game seed: 7482741089989702562

916 qw the Skirmisher (level 8, -6/49 HPs)
             Began as a Gargoyle Hunter on Aug 27, 2023.
             Was an Initiate of Okawaru.
             Mangled by a wight
             ... wielding a +3 flail
              (9 damage)
             ... on level 6 of the Dungeon.
             The game lasted 00:01:44 (4239 turns).

qw the Skirmisher (Gargoyle Hunter)                 Turns: 4239, Time: 00:01:45

Health: -6/49      AC:  9    Str: 15    XL:     8   Next: 9%
Magic:  8/8        EV: 13    Int: 10    God:    Okawaru [......]
Gold:   203        SH:  0    Dex: 21    Spells: 7/7 levels left

rFire   . . .        Y - +1 orcbow (drain)
rCold   . . .        (shield currently unavailable)
rNeg    + . .        c - +1 robe {Will+}
rPois   inf          (no helmet)
rElec   +            (no cloak)
rCorr   .            (no gloves)
SInv    .            e - +0 pair of boots
Will    +....        (no amulet)
Stlth   ++           h - +6 ring of dexterity
HPRegen 0.28/turn    (no ring)
MPRegen 0.11/turn

%: no passive effects
@: no status effects
A: sickness immunity, AC +5, negative energy resistance 1, electricity
resistance, torment resistance 1, petrification resistance
a: Renounce Religion


You were on level 6 of the Dungeon.
You worshipped Okawaru.
Okawaru was noncommittal.
You visited 1 branch of the dungeon, and saw 6 of its levels.

You collected 203 gold pieces.


Innate Abilities, Weirdness & Mutations

You are immune to sickness and miasma.
Your stone body is resilient. (AC +5)
You are immune to poison.
You resist negative energy. (rN+)
You are resistant to electric shocks. (rElec)
You are resistant to unholy torment.
You are immune to petrification.


   Skills:
 - Level 5.0 Fighting
 + Level 8.6 Ranged Weapons
 - Level 1.0 Armour
 - Level 2.4 Dodging
 - Level 1.1 Stealth


You had 7 spell levels left.
You didn't know any spells.
Your spell library was empty.

Inventory:

Hand Weapons
 Y - a +1 orcbow of draining (weapon)
Armour
 c - a +1 robe of willpower (worn)
 e - a +0 pair of boots (worn)
 g - a +0 ring mail
Jewellery
 h - a +6 ring of dexterity (left hand)
Scrolls
 a - a scroll of identify
Potions
 b - a potion of curing
 d - a potion of heal wounds {unknown}
 f - a potion of invisibility {unknown}
 j - a potion of brilliance {unknown}
 k - a potion of enlightenment

Dungeon Overview and Level Annotations

Branches:
Dungeon (6/15)
 Temple: D:4-7

Altars:
Cheibriados
Okawaru
Ru
Vehumet
Yredelemnul

Shops:
D:4 =


Message History

The wight hits you with a +0 hand axe.
You shoot an arrow. The arrow hits the wight!
You destroy the wight!
Okawaru accepts your kill.
The wight hits you with a +2 scimitar of freezing.
The wight freezes you.
You have reached level 8!
You feel stronger.
You shoot an arrow.
The arrow hits the wight but does no damage.
The wight closely misses you.
You shoot an arrow. The arrow hits the wight.
The wight is lightly damaged.
The wight completely misses you. The wight hits you with a +3 flail.
You shoot an arrow. The arrow closely misses the wight.
The wight hits you with a +3 flail.
You shoot an arrow. The arrow hits the wight!
The wight is severely damaged.
The wight barely misses you. The wight hits you with a +3 flail!
The wight misses you.
You shoot an arrow.
The arrow hits the wight but does no damage.
The wight is severely damaged.
The wight barely misses you. The wight closely misses you.
The wight barely misses you.
You shoot an arrow. The arrow hits the wight!
You destroy the wight!
Okawaru accepts your kill. The wight hits you with a +3 flail.
The wight closely misses you.
You shoot an arrow. The arrow closely misses the wight.
The wight misses you. The wight barely misses you.
You shoot an arrow. The arrow hits the wight!
The wight is severely damaged.
The wight hits you with a +3 flail. The wight barely misses you.
The wight hits you with a +0 long sword!
The wight closely misses you.
You shoot an arrow. The arrow hits the wight.
You destroy the wight!
Okawaru accepts your kill. The wight hits you with a +3 flail!
You die...

#.......+
#.......
#......#
#......#
#..?...#
#....<.#
#......+
#zz....#
#@)....#
##.....#
#!.......
.>.......
#..........
#..........
##........
....... ..
...


You could see 2 wights.

Vanquished Creatures
  An ogre (D:4)
  Blork the orc (D:4)
  A scorpion (D:5)
  3 wights (D:6)
  A howler monkey (D:5)
  A hound (D:5)
  2 orc priests
  A gnoll bouda (D:5)
  4 orc wizards
  14 gnolls
  6 adders
  A white imp (D:4)
  2 worms
  7 dart slugs
  16 orcs
  12 ball pythons
  15 endoplasms
  A giant cockroach (D:2)
  7 goblins
  7 hobgoblins
  9 jackals (D:1)
  3 quokkas
  5 bats
  2 frilled lizards
  4 kobolds
  5 rats
131 creatures vanquished.

Notes
Turn   | Place    | Note
-------+----------+-------------------------------------------
     0 | D:1      | qw the Gargoyle Hunter began the quest for the Orb.
     0 | D:1      | Reached XP level 1. HP: 12/12 MP: 1/1
     0 | D:1      | 0 ||| qw: Version: 0.3-a-74-g0d5e918
     0 | D:1      | 0 ||| qw: Game counter: 56
     0 | D:1      | 0 ||| qw: Melee chars always use a shield: true
     0 | D:1      | 0 ||| qw: God list: Okawaru
     0 | D:1      | 0 ||| qw: Allow faded altars: false
     0 | D:1      | 0 ||| qw: Do Orc after clearing Dungeon:15 true
     0 | D:1      | 0 ||| qw: Do second Lair branch before Depths: true
     0 | D:1      | 0 ||| qw: Lair rune preference: random
     0 | D:1      | 0 ||| qw: Goals: Normal
     0 | D:1      | 0 ||| PLANNING D:1-11
    86 | D:1      | Reached XP level 2. HP: 17/17 MP: 2/2
   134 | D:1      | Reached XP level 3. HP: 21/21 MP: 3/3
   269 | D:1      | Reached skill level 5 in Ranged Weapons
   500 | D:1      | Found a faded altar of an unknown god.
   504 | D:1      | 504 ||| UPGRADING to +0 ring mail.
   514 | D:1      | 514 ||| DROPPING +0 leather armour.
   515 | D:1      | 515 ||| READING 2 scrolls labelled DADGHYN MEUHEI.
   516 | D:1      | 516 ||| READING scroll labelled PAKEUPS GOPIMO.
   517 | D:1      | 517 ||| READING scroll labelled KARE LYUTHROE.
   532 | D:1      | 532 ||| READING 2 scrolls labelled PEEZXO MURY.
   533 | D:1      | 533 ||| DROPPING scroll of butterflies.
   534 | D:1      | 534 ||| DROPPING scroll of amnesia.
   571 | D:2      | 571 ||| FLEEEEING.
   573 | D:2      | 573 ||| STAIRDANCE
   595 | D:2      | 595 ||| STAIRDANCE
   745 | D:2      | Reached skill level 1 in Armour
   778 | D:2      | Reached skill level 3 in Fighting
   778 | D:2      | Reached XP level 4. HP: 28/28 MP: 4/4
  1322 | D:2      | 1322 ||| DROPPING ring of wizardry.
  1323 | D:2      | 1323 ||| READING scroll labelled UDOFIK EDIEGOI.
  1457 | D:3      | 1457 ||| RETREATING.
  1466 | D:3      | Reached XP level 5. HP: 32/32 MP: 5/5
  1479 | D:3      | Reached skill level 6 in Ranged Weapons
  1554 | D:3      | Reached XP level 6. HP: 18/38 MP: 6/6
  1685 | D:3      | Found a snail-covered altar of Cheibriados.
  1843 | D:3      | Found a sacrificial altar of Ru.
  2076 | D:3      | Found a radiant altar of Vehumet.
  2096 | D:3      | You fall into a shaft and drop 3 floors!
  2117 | D:6      | 2117 ||| UPGRADING to +1 robe of willpower.
  2127 | D:6      | 2127 ||| READING scroll labelled RIOGOA ERIASHIMO.
  2128 | D:6      | 2128 ||| READING scroll labelled PUWUNO COIT.
  2128 | D:6      | Identified a scroll of acquirement
  2128 | D:6      | 2128 ||| ACQUIRING +1 orcbow of draining
  2128 | D:6      | Acquired a +1 orcbow of draining
  2130 | D:6      | 2130 ||| SWAPPING to +1 orcbow of draining.
  2131 | D:6      | 2131 ||| DROPPING +0 shortbow.
  2132 | D:6      | 2132 ||| DRINKING 2 sedimented brown potions.
  2141 | D:5      | Entered Level 5 of the Dungeon
  2298 | D:5      | 2298 ||| READING scroll labelled WUIWOGR INAST.
  2312 | D:4      | 2312 ||| FLEEEEING.
  2575 | D:4      | 2575 ||| STAIRDANCE
  2622 | D:4      | 2622 ||| FLEEEEING.
  2623 | D:4      | 2623 ||| STAIRDANCE
  2657 | D:4      | 2657 ||| STAIRDANCE
  2683 | D:4      | 2683 ||| STAIRDANCE
  2758 | D:4      | Reached skill level 7 in Ranged Weapons
  2758 | D:4      | Reached XP level 7. HP: 43/43 MP: 7/7
  2775 | D:4      | Found a basalt altar of Yredelemnul.
  2906 | D:4      | Found Roill's Jewellery Shop.
  2917 | D:4      | 2917 ||| SHOPLISTING amulet of the acrobat (360 gold, have
                  | 111).
  2917 | D:4      | 2917 ||| SHOPLISTING ring of protection from cold (300
                  | gold, have 111).
  2917 | D:4      | 2917 ||| SHOPLISTING ring of willpower (300 gold, have
                  | 111).
  3068 | D:4      | Noticed Blork the orc
  3076 | D:4      | Killed Blork the orc
  3345 | D:4      | 3345 ||| UPGRADING to +0 pair of boots.
  3350 | D:4      | 3350 ||| READING scroll labelled YNADAT LEO.
  3351 | D:4      | 3351 ||| READING scroll labelled MOULLE MISTRULL.
  3594 | D:5      | Reached skill level 8 in Ranged Weapons
  4139 | D:5      | Found an iron altar of Okawaru.
  4140 | D:5      | 4140 ||| PLANNING OKAWARU WORSHIP
  4140 | D:5      | 4140 ||| UPGRADING to +6 ring of dexterity.
  4141 | D:5      | 4141 ||| READING scroll labelled FOTHREBRARA.
  4145 | D:5      | 4145 ||| DRINKING 2 viscous sapphire potions.
  4204 | D:5      | Became a worshipper of Warmaster Okawaru
  4205 | D:5      | 4205 ||| PLANNING D:1-11
  4225 | D:6      | 4225 ||| Stepping ~*~*~tactically~*~*~ (retreating).
  4226 | D:6      | 4226 ||| Stepping ~*~*~tactically~*~*~ (retreating).
  4227 | D:6      | 4227 ||| Stepping ~*~*~tactically~*~*~ (retreating).
  4228 | D:6      | 4228 ||| Stepping ~*~*~tactically~*~*~ (retreating).
  4231 | D:6      | Reached XP level 8. HP: 39/49 MP: 8/8
  4238 | D:6      | HP: 3/49 [wight/+0 long sword (10)]
  4239 | D:6      | Mangled by a wight

Levels and vault maps discovered:
D:1:      moated_graveyard_arrival, layout_basic,
          shapermc_ecumenical_altar_petra, minmay_misc_feat_room
D:2:      layout_basic
D:3:      layout_basic, mainiacjoe_overflow_surrounded_room, lemuel_round_altar,
          mainiacjoe_overflow_24_doors, serial_aquarium, aquarium_bridge_square
          [aquarium_subvault_window, aquarium_subvault_wall,
          aquarium_subvault_balcony, aquarium_subvault_bridge],
          aquarium_window_3, aquarium_window_1, aquarium_view_2c,
          aquarium_view_2e
D:4:      layout_basic, general_overflow_altar, minmay_shop_grid_forest,
          minmay_splitting_lines, uniq_blork_the_orc
D:5:      layout_loops_corners, kennysheep_okawaru_gauntlet
D:6:      layout_gridville, lemuel_tele_altar

Skill      XL: |  1  2  3  4  5  6  7 |
---------------+----------------------+-----
Ranged Weapons | 5 6 7 8 |  8.6
Armour         | 1 |  1.0
Fighting       | 3 4 5 |  5.0
Dodging        | 2 |  2.4
Stealth        | |  1.1

Action                     |  1- 3 |  4- 6 |  7- 9 || total
---------------------------+-------+-------+-------++-------
   Fire: Shortbow          |   115 |   146 |       ||   261
         Orcbow            |       |    51 |   106 ||   157
    Use: Scroll            |     4 |     4 |     3 ||    11
         Potion            |       |     1 |     1 ||     2
 Armour: Leather armour    |    13 |       |       ||    13
         Ring mail         |     5 |    51 |       ||    56
         Robe              |       |    13 |    12 ||    25
  Dodge: Dodged            |    41 |    43 |    39 ||   123

Table legend:
 A = Non-vault XP
 B = Vault XP
 C = Vault XP percentage of total XP
 D = Non-vault monster count
 E = Vault monster count
 F = Vault count percentage of total count
                 A         B        C        D         E       F
            +---------+---------+-------+---------+---------+-------
      Total |    1282 |      99 |   7.2 |     128 |       3 |   2.3
            +---------+---------+-------+---------+---------+-------
        D:1 |      63 |       0 |   0.0 |      31 |       0 |   0.0
        D:2 |      68 |       0 |   0.0 |      23 |       0 |   0.0
        D:3 |     246 |       0 |   0.0 |      32 |       0 |   0.0
        D:4 |     303 |      96 |  24.1 |      21 |       1 |   4.5
        D:5 |     384 |       3 |   0.8 |      18 |       2 |  10.0
        D:6 |     218 |       0 |   0.0 |       3 |       0 |   0.0
            +---------+---------+-------+---------+---------+-------
